 Dungeon Crawl Stone Soup version 0.25-a0-1056-g2efb326896 (webtiles) character file.

Game seed: 6890681115781834968, levelgen mode: deterministic

195 Flugslaktarn the Skirmisher (level 5, -4/28 HPs)
             Began as a Vine Stalker Fighter on May 13, 2020.
             Was an Initiate of Gozag.
             Slain by an orc warrior
             ... wielding a +0 battleaxe
              (18 damage)
             ... on level 4 of the Dungeon.
             The game lasted 00:01:48 (3166 turns).

Flugslaktarn the Skirmisher (Vine Stalker Fighter)  Turns: 3166, Time: 00:01:49

Health: -4/28      AC: 12    Str: 18    XL:     5   Next: 74%
Magic:  0/6        EV:  3    Int:  8    God:    Gozag
Gold:   145        SH:  9    Dex: 15    Spells: 4/4 levels left

rFire    . . .     SeeInvis .   i - +1 war axe (vorpal)
rCold    . . .     Gourm    .   c - +0 kite shield
rNeg     . . .     Faith    .   g - +0 plate armour
rPois    +         Spirit   +   m - +0 helmet
rElec    .         Reflect  .   (no cloak)
rCorr    .         Harm     .   (no gloves)
MR       .....                  (no boots)
Stlth    ..........             (no amulet)
HPRegen  0.49/turn              o - ring of poison resistance
MPRegen  0.10/turn              (no ring)

@: no status effects
A: fangs 2, regeneration 1, magic shield, antimagic bite, no potion heal 3, rot
immunity
a: Potion Petition, Call Merchant, Bribe Branch, Renounce Religion


You were on level 4 of the Dungeon.
You worshipped Gozag.
Gozag was aware of your devotion.
You were not hungry.

You visited 2 branches of the dungeon, and saw 5 of its levels.

You collected 193 gold pieces.
You paid 48 gold pieces to Gozag.

Inventory:

Hand Weapons
 a - a +1 war axe
 i - a +1 vorpal war axe (weapon)
   (You found it on level 4 of the Dungeon)
Armour
 c - a +0 kite shield (worn)
 g - a +0 plate armour (worn)
   (You found it on level 3 of the Dungeon)
 m - a +0 helmet (worn)
   (You found it on level 2 of the Dungeon)
Jewellery
 o - a ring of poison resistance (left hand)
   (You found it on level 2 of the Dungeon)
Scrolls
 b - a scroll of enchant weapon
 h - a scroll of noise {unknown}
 p - a scroll of fear
 r - 2 scrolls of identify
 t - a scroll of teleportation
 x - 4 scrolls of remove curse
 z - 3 scrolls of blinking
Potions
 d - a potion of might
 f - 2 potions of flight {unknown}
 q - a potion of invisibility
Comestibles
 e - 5 rations


   Skills:
 + Level 3.5 Fighting
 * Level 3.5 Axes
 + Level 3.1 Armour
 + Level 3.4 Shields


You had 4 spell levels left.
You didn't know any spells.
Your spell library was empty.

Dungeon Overview and Level Annotations

Branches:
Dungeon (4/15)             Temple (1/1) D:4

Altars:
Ashenzari
Cheibriados
Dithmenos
Elyvilon
Fedhas
Gozag
Hepliaklqana
Kikubaaqudgha
Makhleb
Nemelex Xobeh
Okawaru
Ru
Sif Muna
Trog
Vehumet
Wu Jian
Yredelemnul
The Shining One


Innate Abilities, Weirdness & Mutations

You have extremely sharp teeth.
Your natural rate of healing is unusually fast.
When hurt, damage is shared between your health and your magic reserves.
Your bite disrupts and absorbs the magic of your enemies.
Potions cannot restore your health.
You are immune to rotting.


Message History

The orc warrior is heavily wounded.
An orc wizard comes into view. It is wielding a +0 dagger.
An orc comes into view.
It is wielding a +0 hand axe and wearing a +1 scale mail of magic resistance.
An orc priest comes into view. It is wielding a +0 dagger.
The orc warrior hits you but does no damage.
Your shield and plate armour prevent you from hitting the orc warrior.
The orc shouts!
The orc priest shouts!
The orc wizard shouts!
You bite the orc warrior, but do no damage.
The orc warrior is heavily wounded.
You block the orc warrior's attack.
You closely miss the orc warrior. Your bite misses the orc warrior.
The orc warrior is heavily wounded.
You block the orc warrior's attack.
Your shield and plate armour prevent you from hitting the orc warrior.
Your bite misses the orc warrior.
The orc warrior is heavily wounded.
The orc warrior hits you with a +0 battleaxe!!
Ouch! That really hurt!
You die...
Your body crumbles into a pile of gold.

...#........###..##..........##
..............................#
....##.......................##
#...##...........#........#.##
....#............####.....###
.#..#..........o######...##
##.##..##.......##..###..#
####.........oo#...######
##..........@....#
##...#..........##
#...##..........#
##.####.........# ###
#####.....# ###.### #...# ##..#
####


You could see an orc warrior, an orc priest and an orc wizard.

Vanquished Creatures
  A bullfrog skeleton (D:4)
  Terence (D:3)
  8 adders
  2 oozes
  A worm (D:2)
  4 leopard geckos
  An orc (D:3)
  4 bats
  4 giant cockroaches
  6 goblins
  3 hobgoblins (D:1)
  2 quokkas (D:2)
  4 frilled lizards
  8 kobolds
  A leopard gecko skeleton (D:4)
  5 rats
55 creatures vanquished.

Notes
Turn   | Place    | Note
-------+----------+-------------------------------------------
     0 | D:1      | Flugslaktarn the Vine Stalker Fighter began the quest for
                  | the Orb.
     0 | D:1      | Reached XP level 1. HP: 11/11 MP: 2/2
   227 | D:1      | Reached XP level 2. HP: 16/16 MP: 3/3
   732 | D:2      | Reached XP level 3. HP: 16/20 MP: 2/4
  1261 | D:2      | Gained mutation: Your natural rate of healing is unusually
                  | fast. [Vine Stalker growth]
  1261 | D:2      | Reached XP level 4. HP: 17/24 MP: 5/5
  1759 | D:3      | Noticed Terence
  1766 | D:3      | Killed Terence
  1814 | D:3      | Reached XP level 5. HP: 28/28 MP: 6/6
  1830 | D:3      | Found a shimmering blue altar of Sif Muna.
  1831 | D:3      | Found a hazy altar of Hepliaklqana.
  2604 | D:4      | Found a staircase to the Ecumenical Temple.
  2704 | Temple   | Entered the Ecumenical Temple
  2840 | Temple   | Became a worshipper of Gozag Ym Sagoz the Greedy
  2988 | D:4      | Found the +4 robe of Augmentation {Str+4 Int+4 Dex+4}
  3159 | D:4      | Noticed an orc warrior
  3166 | D:4      | Slain by an orc warrior

Illustrated notes

Levels and vault maps discovered:
D:1:      elethiomel_arrival_infinity_welcomes_careful_drivers, layout_basic
D:2:      layout_loops_ring
D:3:      layout_basic, minitemple, roderic_lattice_a, minivault_27,
          uniq_terence
D:4:      layout_cave_pools, minmay_temple_entry_fiery, first_ration
Temple:   eino_temple_rhombus

Skill      XL: |  1  2  3  4 |
---------------+-------------+-----
Axes           | 2 3 |  3.5
Fighting       | 3 |  3.5
Shields        | 3 |  3.4
Armour         | 3 |  3.1

Action                   |  1- 3 |  4- 6 || total
-------------------------+-------+-------++-------
Melee: War axe           |    60 |   116 ||   176
       Bite              |    11 |    28 ||    39
  Use: Scroll            |       |     8 ||     8
  Eat: Chunk             |     1 |     4 ||     5
       Ration            |       |     1 ||     1
Armor: Scale mail        |    18 |       ||    18
       Chain mail        |    15 |    27 ||    42
       Plate armour      |       |    39 ||    39
Dodge: Dodged            |    12 |    25 ||    37
Block: Kite shield       |    30 |    66 ||    96

Table legend:
 A = Non-vault XP
 B = Vault XP
 C = Vault XP percentage of total XP
 D = Non-vault monster count
 E = Vault monster count
 F = Vault count percentage of total count
                 A         B        C        D         E       F
            +---------+---------+-------+---------+---------+-------
      Total |     243 |      36 |  12.9 |      54 |       1 |   1.8
            +---------+---------+-------+---------+---------+-------
        D:1 |      26 |       0 |   0.0 |      12 |       0 |   0.0
        D:2 |      66 |       0 |   0.0 |      16 |       0 |   0.0
        D:3 |      86 |      36 |  29.5 |      20 |       1 |   4.8
        D:4 |      65 |       0 |   0.0 |       6 |       0 |   0.0
            +---------+---------+-------+---------+---------+-------
